TOP OF THE 1ST |
Butler HS Golden Tornado batting - Pitching for Newport News HS Paints : LHP Marcus Chuter
|
Pitching: LHP Marcus Chuter
|
|
Batting: RHB Keith Gamble
|
0-0: Ground out 6-3 (Groundball, 6M)
|
Batting: LHB Byron McIlmoyle
|
0-0: Called Strike 0-1: Ball 1-1: Called Strike 1-2: Foul Ball, location: 2F 1-2: Ball 2-2: Strikes out swinging
|
Batting: RHB Mike Morton
|
0-0: Fly out, F4 (Line Drive, 4)
|
Top of the 1st over - 0 run(s), 0 hit(s), 0 error(s), 0 left on base; Butler HS 0 - Newport News HS 0 |
BOTTOM OF THE 1ST |
Newport News HS Paints batting - Pitching for Butler HS Golden Tornado : RHP Ethan Knight
|
Pitching: RHP Ethan Knight
|
|
Batting: RHB Arthur Wilson
|
0-0: Called Strike 0-1: Ball 1-1: Foul Ball, location: 2F 1-2: Strikes out swinging, 2-3 out at first.
|
Batting: RHB John Graham
|
0-0: Called Strike 0-1: Ball 1-1: Swinging Strike 1-2: Ball 2-2: Ball 3-2: Fly out, F9 (Flyball, 89M)
|
Batting: LHB Juan Lima
|
0-0: Foul Ball, location: 2F 0-1: Swinging Strike 0-2: Foul Ball, location: 2F 0-2: Reached on error, E4 (Groundball, 4)
|
Batting: RHB Wilfred Martin
|
0-0: Called Strike 0-1: Swinging Strike 0-2: DOUBLE (Line Drive, 9LS) Juan Lima to third
|
Batting: LHB Mark Wilson
|
0-0: Foul Ball, location: 2F 0-1: Called Strike 0-2: Ball 1-2: Ball 2-2: Strikes out swinging
|
Bottom of the 1st over - 0 run(s), 1 hit(s), 1 error(s), 2 left on base; Butler HS 0 - Newport News HS 0 |
TOP OF THE 2ND |
Butler HS Golden Tornado batting - Pitching for Newport News HS Paints : LHP Marcus Chuter
|
Batting: LHB Joe Vásquez
|
0-0: Foul Ball, location: 2F 0-1: SINGLE (Groundball, 34D)
|
Batting: LHB Juan Díaz
|
0-0: Ball 1-0: Called Strike 1-1: Ball 2-1: Fly out, F8 (Flyball, 8LM)
|
Batting: SHB Myles Hopkins
|
0-0: Ball 1-0: Ball 2-0: Foul Ball, location: 2F 2-1: Called Strike 2-2: Strikes out swinging
|
Batting: RHB Fred Taylor
|
0-0: Ball 1-0: Called Strike 1-1: SINGLE (Line Drive, 7LS) Joe Vásquez to second
|
Batting: RHB Warren Thornton
|
0-0: Foul Ball, location: 2F 0-1: Foul Ball, location: 2F 0-2: Ball 1-2: Strikes out swinging
|
Top of the 2nd over - 0 run(s), 2 hit(s), 0 error(s), 2 left on base; Butler HS 0 - Newport News HS 0 |
BOTTOM OF THE 2ND |
Newport News HS Paints batting - Pitching for Butler HS Golden Tornado : RHP Ethan Knight
|
Batting: RHB Lynn Johnson
|
0-0: Bunt for hit - play at first, batter OUT! 1-3
|
Batting: LHB William Donnelly
|
0-0: Ball 1-0: Foul Ball, location: 2F 1-1: Foul Ball, location: 2F 1-2: Foul Ball, location: 2F 1-2: Strikes out swinging
|
Batting: RHB Seth O'Toole
|
0-0: Called Strike 0-1: Called Strike 0-2: Ball 1-2: Strikes out looking
|
Bottom of the 2nd over - 0 run(s), 0 hit(s), 0 error(s), 0 left on base; Butler HS 0 - Newport News HS 0 |
TOP OF THE 3RD |
Butler HS Golden Tornado batting - Pitching for Newport News HS Paints : LHP Marcus Chuter
|
Batting: LHB Rob Phillips
|
0-0: Called Strike 0-1: Ball 1-1: Swinging Strike 1-2: Strikes out swinging
|
Batting: RHB Keith Gamble
|
0-0: Ball 1-0: Ball 2-0: Ball 3-0: Called Strike 3-1: Base on Balls
|
Batting: LHB Byron McIlmoyle
|
0-0: Called Strike 0-1: Swinging Strike 0-2: Strikes out swinging
|
Batting: RHB Mike Morton
|
0-0: Ball 1-0: Foul Ball, location: 2F 1-1: Called Strike 1-2: Strikes out swinging
|
Top of the 3rd over - 0 run(s), 0 hit(s), 0 error(s), 1 left on base; Butler HS 0 - Newport News HS 0 |
BOTTOM OF THE 3RD |
Newport News HS Paints batting - Pitching for Butler HS Golden Tornado : RHP Ethan Knight
|
Batting: RHB Steve Stephens
|
0-0: Ball 1-0: Called Strike 1-1: Reached on error, E5 (Groundball, 5)
|
Batting: RHB Arthur Wilson
|
0-0: Swinging Strike 0-1: Called Strike 0-2: Ball 1-2: Strikes out looking
|
Batting: RHB John Graham
|
0-0: Ball 1-0: Ball 2-0: Ball 3-0: Called Strike 3-1: Called Strike 3-2: Foul Ball, location: 2F 3-2: Base on Balls Steve Stephens to second
|
Batting: LHB Juan Lima
|
0-0: Foul Ball, location: 2F 0-1: Ball 1-1: Foul Ball, location: 2F 1-2: Strikes out swinging
|
Batting: RHB Wilfred Martin
|
0-0: Foul Ball, location: 2F 0-1: Called Strike 0-2: Ball 1-2: Ball 2-2: Ball 3-2: Base on Balls Steve Stephens to third John Graham to second
|
Batting: LHB Mark Wilson
|
0-0: Ball 1-0: Called Strike 1-1: Called Strike 1-2: Ball 2-2: Foul Ball, location: 2F 2-2: Ball 3-2: SINGLE (Groundball, 4M) Steve Stephens scores John Graham to third Wilfred Martin to second John Graham scores Wilfred Martin to third
|
Batting: RHB Lynn Johnson
|
0-0: Ground out 1-3 (Groundball, 15)
|
Bottom of the 3rd over - 2 run(s), 1 hit(s), 1 error(s), 2 left on base; Butler HS 0 - Newport News HS 2 |
TOP OF THE 4TH |
Butler HS Golden Tornado batting - Pitching for Newport News HS Paints : LHP Marcus Chuter
|
Batting: LHB Joe Vásquez
|
0-0: Ground out U3 (Groundball, 3S)
|
Batting: LHB Juan Díaz
|
0-0: Called Strike 0-1: Reached on error, E5 (Groundball, 56)
|
Batting: SHB Myles Hopkins
|
0-0: Ball 1-0: Called Strike 1-1: Fly out, F8 (Flyball, 8RS)
|
Batting: RHB Fred Taylor
|
0-0: Ball 1-0: Foul Ball, location: 2F 1-1: Ball 2-1: Ball 3-1: Called Strike 3-2: Foul Ball, location: 2F 3-2: Base on Balls
|
Batting: RHB Warren Thornton
|
0-0: Ball 1-0: SINGLE (Line Drive, 7S) Juan Díaz to third Fred Taylor to second Runner from 3rd tries for Home, SAFE, no throw or cutoff
|
Batting: LHB Rob Phillips
|
0-0: Called Strike 0-1: Swinging Strike 0-2: Ground out U3 (Groundball, 3L)
|
Top of the 4th over - 1 run(s), 1 hit(s), 1 error(s), 2 left on base; Butler HS 1 - Newport News HS 2 |
BOTTOM OF THE 4TH |
Newport News HS Paints batting - Pitching for Butler HS Golden Tornado : RHP Ethan Knight
|
Batting: LHB William Donnelly
|
0-0: Ball 1-0: Ball 2-0: Fly out, F7 (Flyball, 7LMF)
|
Batting: RHB Seth O'Toole
|
0-0: Ball 1-0: Swinging Strike 1-1: Foul Ball, location: 2F 1-2: Strikes out swinging
|
Batting: RHB Steve Stephens
|
0-0: Ball 1-0: Ball 2-0: Ball 3-0: Base on Balls
|
Pitching: RHP Jacob Brown
|
|
Batting: RHB Arthur Wilson
|
0-0: Called Strike 0-1: Foul Ball, location: 2F 0-2: Ball Steve Stephens is caught stealing 2nd base
|
Bottom of the 4th over - 0 run(s), 0 hit(s), 0 error(s), 0 left on base; Butler HS 1 - Newport News HS 2 |
TOP OF THE 5TH |
Butler HS Golden Tornado batting - Pitching for Newport News HS Paints : LHP Marcus Chuter
|
Batting: RHB Keith Gamble
|
0-0: Called Strike 0-1: Swinging Strike 0-2: Ball 1-2: Strikes out swinging
|
Batting: LHB Byron McIlmoyle
|
0-0: Fly out, F8 (Flyball, 8RM)
|
Batting: RHB Mike Morton
|
0-0: Ball 1-0: Ball 2-0: Foul Ball, location: 2F 2-1: Ground out 6-3 (Groundball, 56)
|
Top of the 5th over - 0 run(s), 0 hit(s), 0 error(s), 0 left on base; Butler HS 1 - Newport News HS 2 |
BOTTOM OF THE 5TH |
Newport News HS Paints batting - Pitching for Butler HS Golden Tornado : RHP Jacob Brown
|
Batting: RHB Arthur Wilson
|
0-0: Ball 1-0: Foul Ball, location: 2F 1-1: Foul Ball, location: 2F 1-2: Ball 2-2: Ball 3-2: Fly out, F7 (Line Drive, 78D)
|
Batting: RHB John Graham
|
0-0: Ball 1-0: Foul Ball, location: 2F 1-1: Ball 2-1: Foul Ball, location: 2F 2-2: Foul Ball, location: 2F 2-2: Ball 3-2: SINGLE (Line Drive, 56D)
|
Batting: LHB Juan Lima
|
0-0: Called Strike 0-1: Foul Ball, location: 2F 0-2: Ball 1-2: Ball 2-2: Ball 3-2: SINGLE (Line Drive, 8RS) John Graham to second
|
Batting: RHB Wilfred Martin
|
0-0: Ball 1-0: Ball John Graham is caught stealing 3rd base Juan Lima to second 2-0: SINGLE (Groundball, 6M) Juan Lima to third Runner from 3rd tries for Home, SAFE, no throw or cutoff
|
Batting: LHB Mark Wilson
|
0-0: Called Strike 0-1: Ball 1-1: Called Strike 1-2: Foul Ball, location: 2F 1-2: DOUBLE (Flyball, 89M) Wilfred Martin to third
|
Batting: RHB Lynn Johnson
|
0-0: Ground out 6-3 (Groundball, 6M)
|
Bottom of the 5th over - 1 run(s), 4 hit(s), 0 error(s), 2 left on base; Butler HS 1 - Newport News HS 3 |
TOP OF THE 6TH |
Butler HS Golden Tornado batting - Pitching for Newport News HS Paints : LHP Marcus Chuter
|
Batting: LHB Joe Vásquez
|
0-0: Called Strike 0-1: Ball 1-1: SINGLE (Flyball, 78S)
|
Batting: LHB Juan Díaz
|
0-0: Called Strike 0-1: Ball 1-1: Fly out, F6 (Line Drive, 6)
|
Batting: SHB Myles Hopkins
|
0-0: Ball 1-0: Ball 2-0: Ball 3-0: Called Strike 3-1: Base on Balls Joe Vásquez to second
|
Pitching: RHP Sacha Ouellet
|
|
Batting: RHB Fred Taylor
|
0-0: Called Strike 0-1: Fly out, F3 (Popup, 3SF)
|
Batting: RHB Warren Thornton
|
0-0: Foul Ball, location: 2F 0-1: Swinging Strike 0-2: Ball 1-2: Foul Ball, location: 2F 1-2: Foul Ball, location: 2F 1-2: Ball 2-2: Foul Ball, location: 2F 2-2: Ball 3-2: Base on Balls Joe Vásquez to third Myles Hopkins to second
|
Batting: LHB Rob Phillips
|
0-0: Called Strike 0-1: Ball 1-1: Ball 2-1: Ball 3-1: Base on Balls Joe Vásquez scores Myles Hopkins to third Warren Thornton to second
|
Batting: RHB Keith Gamble
|
0-0: Ball 1-0: Ball 2-0: Swinging Strike 2-1: Foul Ball, location: 2F 2-2: Ball 3-2: Strikes out looking
|
Top of the 6th over - 1 run(s), 1 hit(s), 0 error(s), 3 left on base; Butler HS 2 - Newport News HS 3 |
BOTTOM OF THE 6TH |
Newport News HS Paints batting - Pitching for Butler HS Golden Tornado : RHP Jacob Brown
|
Batting: LHB William Donnelly
|
0-0: Ball 1-0: Called Strike 1-1: Fly out, F8 (Flyball, 8LM)
|
Batting: RHB Seth O'Toole
|
0-0: Called Strike 0-1: SINGLE (Groundball, 6MD)
|
Batting: RHB Steve Stephens
|
0-0: Ball 1-0: Ball 2-0: Ball 3-0: Called Strike 3-1: Base on Balls Seth O'Toole to second
|
Batting: RHB Arthur Wilson
|
0-0: Ball 1-0: Swinging Strike 1-1: Reached on Error, E8 (Flyball, 8RM) Seth O'Toole to third Steve Stephens to second
|
Batting: RHB John Graham
|
0-0: Ground out 3-1 (Groundball, 34) Seth O'Toole scores Steve Stephens to third Arthur Wilson to second
|
Batting: LHB Juan Lima
|
0-0: SINGLE (Line Drive, 5L) Steve Stephens scores Arthur Wilson to third Runner from 3rd tries for Home, SAFE, no throw or cutoff
|
Pitching: RHP Thomas Long
|
|
Batting: RHB Wilfred Martin
|
0-0: Ball 1-0: Fly out, F6 (Popup, 6)
|
Bottom of the 6th over - 3 run(s), 2 hit(s), 1 error(s), 1 left on base; Butler HS 2 - Newport News HS 6 |
TOP OF THE 7TH |
Butler HS Golden Tornado batting - Pitching for Newport News HS Paints : RHP Sacha Ouellet
|
Batting: LHB Byron McIlmoyle
|
0-0: Ball 1-0: Called Strike 1-1: Ball 2-1: Ball 3-1: Base on Balls
|
Batting: RHB Mike Morton
|
0-0: Ball 1-0: Ball 2-0: Ball 3-0: Called Strike 3-1: Base on Balls Byron McIlmoyle to second
|
Batting: LHB Joe Vásquez
|
0-0: Foul Ball, location: 2F 0-1: Fly out, F5 (Popup, 5F)
|
Batting: LHB Juan Díaz
|
0-0: Ball 1-0: Ball 2-0: Grounds into double play, 6-4-3 (Groundball, 6)
|
Top of the 7th over - 0 run(s), 0 hit(s), 0 error(s), 1 left on base; Butler HS 2 - Newport News HS 6 |
BOTTOM OF THE 7TH |
Newport News HS Paints batting - Pitching for Butler HS Golden Tornado : RHP Thomas Long
|
Batting: LHB Mark Wilson
|
0-0: Called Strike 0-1: Fly out, F9 (Flyball, 89M)
|
Batting: RHB Lynn Johnson
|
0-0: Bunt missed! 0-1: Ball 1-1: Called Strike 1-2: Ball 2-2: Ball 3-2: Foul Ball, location: 2F 3-2: Foul Ball, location: 2F 3-2: SINGLE (Flyball, 8RS)
|
Batting: LHB William Donnelly
|
0-0: Ball 1-0: SINGLE (Line Drive, 4MD) Lynn Johnson to second
|
Batting: RHB Seth O'Toole
|
0-0: Ball 1-0: Ball 2-0: Called Strike 2-1: Ball 3-1: Called Strike 3-2: Foul Ball, location: 2F 3-2: Strikes out swinging
|
Batting: RHB Steve Stephens
|
0-0: Ball 1-0: Ball 2-0: Ball 3-0: Base on Balls Lynn Johnson to third William Donnelly to second
|
Batting: RHB Arthur Wilson
|
0-0: Called Strike 0-1: Foul Ball, location: 2F 0-2: Ball 1-2: Ball 2-2: Ball 3-2: SINGLE (Groundball, 6MD) (infield hit) Lynn Johnson scores William Donnelly to third Steve Stephens to second
|
Batting: RHB John Graham
|
0-0: Ball 1-0: Ball 2-0: Called Strike 2-1: SINGLE (Groundball, 56D) William Donnelly scores Steve Stephens to third Arthur Wilson to second Runner from 3rd tries for Home, SAFE, no throw or cutoff
|
Pitching: RHP Ethan Adams
|
|
Batting: LHB Juan Lima
|
0-0: Ball 1-0: Ball 2-0: SINGLE (Groundball, 34D) Arthur Wilson to third John Graham to second Runner from 3rd tries for Home, SAFE, no throw or cutoff
|
Batting: RHB Wilfred Martin
|
0-0: Foul Ball, location: 2F 0-1: Called Strike 0-2: Foul Ball, location: 2F 0-2: Foul Ball, location: 2F 0-2: Ball 1-2: Strikes out swinging
|
Bottom of the 7th over - 4 run(s), 5 hit(s), 0 error(s), 2 left on base; Butler HS 2 - Newport News HS 10 |
TOP OF THE 8TH |
Butler HS Golden Tornado batting - Pitching for Newport News HS Paints : RHP Sacha Ouellet
|
Batting: SHB Myles Hopkins
|
0-0: Ground out 4-3 (Groundball, 4)
|
Pitching: RHP Steve Webb
|
|
Batting: RHB Fred Taylor
|
0-0: Ground out 5-3 (Groundball, 56)
|
Batting: RHB Warren Thornton
|
0-0: Fly out, F6 (Popup, 6)
|
Top of the 8th over - 0 run(s), 0 hit(s), 0 error(s), 0 left on base; Butler HS 2 - Newport News HS 10 |
BOTTOM OF THE 8TH |
Newport News HS Paints batting - Pitching for Butler HS Golden Tornado : RHP Ethan Adams
|
Batting: LHB Mark Wilson
|
0-0: Foul Ball, location: 2F 0-1: Foul Ball, location: 2F 0-2: Ball 1-2: Fly out, F5 (Popup, 56S)
|
Batting: RHB Lynn Johnson
|
0-0: Foul Ball, location: 2F 0-1: Ball 1-1: SINGLE (Groundball, 34)
|
Batting: LHB William Donnelly
|
0-0: Ball 1-0: Grounds into double play, 4-6-3 (Groundball, 4)
|
Bottom of the 8th over - 0 run(s), 1 hit(s), 0 error(s), 0 left on base; Butler HS 2 - Newport News HS 10 |
TOP OF THE 9TH |
Butler HS Golden Tornado batting - Pitching for Newport News HS Paints : RHP Steve Webb
|
Batting: LHB Rob Phillips
|
0-0: Ground out 4-3 (Groundball, 34)
|
Batting: RHB Keith Gamble
|
0-0: Called Strike 0-1: Ball 1-1: Fly out, F7 (Flyball, 78M)
|
Batting: LHB Byron McIlmoyle
|
0-0: Ball 1-0: Swinging Strike 1-1: Ground out 6-3 (Groundball, 6)
|
Top of the 9th over - 0 run(s), 0 hit(s), 0 error(s), 0 left on base; Butler HS 2 - Newport News HS 10 |
|